Cogmind - Beta 12 @@@ ROGUE MODE // 2023.03.28 @ 21:29:55 Player: Mr Goldstein Result: Destroyed by G-73 Enforcer with Heavy Laser Performance ------------- Evolutions (9) 4500 Regions Visited (10) 2000 Robots Destroyed (96) 480 Value Destroyed (1886) 1886 Prototype IDs (6) 120 Alien Tech Used (0) 0 Bonus (-106) -106 TOTAL SCORE: 8880 Bonus ------- High Alert Combat Kills 24 Friendly Fire -130 Cogmind --------- Core Integrity 0/1600 Matter 181/300 Energy 100/100 System Corruption 0% Temperature Cool (9) Movement Core (50) Location -1/Access Parts ------- > --- POWER (2) -------- (None) > --- PROPULSION (7) --- (None) > --- UTILITY (14) ----- Advanced Signal Interpreter Transport Network Coupler Hacking Suite Hacking Suite Hacking Suite Hacking Suite > --- WEAPON (2) ------- (None) > --- INVENTORY (5) ---- Improved Recalibrator Heavy Mace Peak State ------------ > --- POWER ------------ Micro Nuclear Core Micro Nuclear Core > --- PROPULSION ------- Improved Flight Unit Cesium-ion Thruster Cooled Cesium-ion Thruster Impulse Thruster Array > --- UTILITY ---------- Advanced Signal Interpreter Improved Terrain Scanner Transport Network Coupler Stasis Canceller Advanced Shield Generator Hacking Suite Hacking Suite Hacking Suite Hacking Suite Hacking Suite > --- WEAPON ----------- Axe Axe > --- INVENTORY -------- Improved Recalibrator Heavy Mace [Rating: 77] Favorites ----------- Power Nuclear Core Engine Light Ion Engine Power Core Nuclear Core Propulsion Wheel Wheel Wheel Flight Unit Improved Flight Unit Utility Hacking Suite Device Improved Terrain Scanner Storage Large Storage Unit Processor Signal Interpreter Hackware Hacking Suite Weapon Heavy Assault Rifle Energy Gun Medium Laser Ballistic Gun Heavy Assault Rifle Launcher Rocket Launcher Impact Weapon Heavy Mace Slashing Weapon Axe Build | -11 -10 -9 -8 -7 -6 -5 -4 -3 -2 -1 ------- Run | Jun Mat Mat Mat Fac Fac Fac Fac Res Res Acc Slots Evolved 18 | . . 2 2 2 2 2 2 2 2 2 Power 1 | . . . . . . . 1 . . . Propulsion 5 | . . 1 1 . . . 1 1 1 . Utility 12 | . . 1 1 2 2 2 . 1 1 2 Weapon . | . . . . . . . . . . . Parts Attached 85 | 7 7 27 27 3 4 5 . 5 . . Power 9 | 1 1 3 2 . . . . 2 . . Engine 5 | 1 1 3 . . . . . . . . Core 4 | . . . 2 . . . . 2 . . Reactor . | . . . . . . . . . . . Propulsion 25 | 2 1 11 8 . 1 1 . 1 . . Treads . | . . . . . . . . . . . Leg . | . . . . . . . . . . . Wheel 17 | 2 1 10 4 . . . . . . . Hover . | . . . . . . . . . . . Flight 8 | . . 1 4 . 1 1 . 1 . . Utility 27 | 2 1 4 11 2 3 2 . 2 . . Device 11 | 1 . 1 6 . . 1 . 2 . . Storage 2 | 1 1 . . . . . . . . . Processor 8 | . . 3 4 . 1 . . . . . Hackware 6 | . . . 1 2 2 1 . . . . Protection . | . . . . . . . . . . . Artifact . | . . . . . . . . . . . Weapon 24 | 2 4 9 6 1 . 2 . . . . Energy Gun 1 | . 1 . . . . . . . . . Energy Cannon . | . . . . . . . . . . . Ballistic Gun 15 | 2 3 7 3 . . . . . . . Ballistic Cannon . | . . . . . . . . . . . Launcher 4 | . . 2 2 . . . . . . . Special Weapon . | . . . . . . . . . . . Impact Weapon 1 | . . . 1 . . . . . . . Slashing Weapon 3 | . . . . 1 . 2 . . . . Piercing Weapon . | . . . . . . . . . . . Special Melee Weapon . | . . . . . . . . . . . Unidentified Prototypes 2 | . . 1 . . 1 . . . . . Parts Lost 48 | . 4 12 16 . 1 . 4 . . 11 Power 7 | . 1 2 1 . . . 1 . . 2 Propulsion 19 | . 1 6 7 . . . 1 . . 4 Utility 11 | . . 2 3 . . . 2 . . 4 Weapon 11 | . 2 2 5 . 1 . . . . 1 Highest Loss Streak 7 | . 3 4 7 . 1 . 4 . . 7 To Critical Strikes . | . . . . . . . . . . . Average Slot Usage (%) 83 | . 98 86 75 76 84 91 89 76 78 49 Engine 6 | . 14 10 . . . . . . . . Core 3 | . . . 8 7 6 5 5 5 8 3 Wheel 18 | . 26 23 17 . . . . . . . Flight 3 | . . . 2 15 18 22 21 17 17 8 Device 8 | . 14 6 8 . . . 5 9 13 6 Storage 8 | . 14 11 7 . . . . . . . Processor 11 | . . 12 14 23 20 17 15 9 8 8 Hackware 4 | . . . 1 23 33 35 31 23 21 19 Energy Gun 1 | . 4 . . . . . . . . . Ballistic Gun 15 | . 23 20 13 . . . . . . . Naked Turns . | . . . . . . . . . . . Heaviest Build 36 | 12 29 36 36 9 8 13 13 28 28 28 Greatest Support 40 | 26 26 30 40 10 16 23 23 32 32 32 Greatest Overweight (x) 9 | . 1 3 9 . . . . . . . Average Overweight (x) . | . . 1 1 . . . . . . . Largest Inventory Capacity 15 | 8 15 15 15 5 5 5 5 5 5 5 Average Capacity 11 | 7 12 15 13 5 5 5 5 5 5 5 Most Carried 15 | 5 7 15 15 5 5 5 5 5 2 2 Average Carried 8 | 2 4 13 12 3 4 4 5 2 2 2 Final Capacity 15 | 8 15 15 5 5 5 5 5 5 5 5 Final Carried 15 | 2 7 15 5 5 5 5 5 2 2 2 Class Distribution -------------------- 51% | Mutant 33% | Scavenger-Mutant 6% | Hacker-Mutant 4% | Hacker-Sprinter 3% | Wizard-Sprinter Dominant Class ---------------- Mutant | -10/Materials Scavenger-Mutant | -9/Materials Scavenger-Mutant | -8/Materials Hacker-Mutant | -7/Factory Hacker-Sprinter | -6/Factory Wizard-Sprinter | -5/Factory Wizard-Sprinter | -4/Factory Hacker-Sprinter | -3/Research Hacker-Sprinter | -2/Research Hacker-Mutant | -1/Access Resources | -11 -10 -9 -8 -7 -6 -5 -4 -3 -2 -1 ----------- Run | Jun Mat Mat Mat Fac Fac Fac Fac Res Res Acc Matter Collected 2145 | 276 402 820 585 26 11 5 . . . 20 Remotely . | . . . . . . . . . . . Salvage Created 3059 | 82 646 1601 704 26 . . . . . . Parts 200 | 5 30 115 50 . . . . . . . Haulers Intercepted 7 | . . 5 2 . . . . . . . Recyclers Shooed 6 | . 2 3 1 . . . . . . . Parts Field Recycled . | . . . . . . . . . . . Retrieved Matter . | . . . . . . . . . . . Parts Self-Destructed . | . . . . . . . . . . . Prevented . | . . . . . . . . . . . Kills | -11 -10 -9 -8 -7 -6 -5 -4 -3 -2 -1 ------- Run | Jun Mat Mat Mat Fac Fac Fac Fac Res Res Acc Combat Hostiles Destroyed 54 | . 15 28 11 . . . . . . . Guns 50 | . 15 25 10 . . . . . . . AOE 3 | . . 3 . . . . . . . . Classes Destroyed 12 | 2 4 4 2 . . . . . . . Worker 10 | . 1 7 2 . . . . . . . Builder 5 | . . 1 4 . . . . . . . Tunneler 2 | 1 . 1 . . . . . . . . Hauler 7 | . . 5 2 . . . . . . . Recycler 4 | 1 1 2 . . . . . . . . Mechanic 1 | . . . 1 . . . . . . . Operator 6 | . 3 2 . 1 . . . . . . Watcher 7 | . . 3 4 . . . . . . . Swarmer 19 | . 5 10 4 . . . . . . . Grunt 29 | . 10 14 5 . . . . . . . Brawler 1 | . . . 1 . . . . . . . Sentry 5 | . . 4 1 . . . . . . . Best Kill Streak 8 | 2 8 7 5 . . . . . . . Combat Bots Only 4 | . 4 4 3 . . . . . . . Max Kills in Single Turn 4 | 1 1 3 4 1 . . . . . . Gunslinging 1 | . . 1 . . . . . . . . Exploded 3 | . . 3 . . . . . . . . Melee . | . . . . . . . . . . . Uniques/NPCs Destroyed . | . . . . . . . . . . . Combat | -11 -10 -9 -8 -7 -6 -5 -4 -3 -2 -1 -------- Run | Jun Mat Mat Mat Fac Fac Fac Fac Res Res Acc Damage Taken 6232 | . 719 1262 1516 76 152 122 225 19 42 2099 Core 3069 | . 186 382 531 48 102 68 139 . . 1613 Absorbed by Shields 95 | . . . . 23 . . . 7 15 50 Core Remaining (%) 69 | 100 25 4 3 93 88 93 87 100 100 . Volleys Fired 325 | 9 84 135 97 . . . . . . . Largest 2 | 2 2 2 2 . . . . . . . Hottest 70 | 40 70 70 56 . . . . . . . Shots Fired 623 | 18 166 267 172 . . . . . . . Gun 617 | 18 166 265 168 . . . . . . . Cannon . | . . . . . . . . . . . Launcher 6 | . . 2 4 . . . . . . . Special . | . . . . . . . . . . . Kinetic 590 | 18 148 256 168 . . . . . . . Thermal 27 | . 18 9 . . . . . . . . Explosive 6 | . . 2 4 . . . . . . . Electromagnetic . | . . . . . . . . . . . Robot Hit Streak 20 | 2 8 20 15 . . . . . . . Robot Miss Streak 6 | 1 3 6 5 . . . . . . . Penetration Max . | . . . . . . . . . . . Secondary Targets 3 | . . 3 . . . . . . . . Max Gunslinging Chain 1 | . . 1 . . . . . . . . Shots Hit Robots 385 | 8 91 184 100 2 . . . . . . Core Hits 165 | 3 35 81 43 . . . . . . 3 Critical Kills 3 | . 1 2 . . . . . . . . Critical Parts Destroyed 1 | . . . 1 . . . . . . . Critical Strikes 5 | . 1 3 1 . . . . . . . Burn 1 | . . 1 . . . . . . . . Destroy 4 | . 1 2 1 . . . . . . . Melee Attacks 11 | . . . 8 2 1 . . . . . Impact 10 | . . . 8 2 . . . . . . Slashing 1 | . . . . . 1 . . . . . Piercing . | . . . . . . . . . . . Sneak Attacks 3 | . . . 1 2 . . . . . . Combat Hostiles . | . . . . . . . . . . . Follow-up Attacks . | . . . . . . . . . . . Damage Inflicted 5914 | 82 1020 2554 2079 110 . . 3 . . 66 Guns 4771 | 82 1020 2370 1299 . . . . . . . Cannons . | . . . . . . . . . . . Explosions 655 | . . 184 471 . . . . . . . Melee 419 | . . . 309 110 . . . . . . Ramming 69 | . . . . . . . 3 . . 66 Kinetic 4595 | 82 944 2270 1299 . . . . . . . Thermal 522 | . 76 100 346 . . . . . . . Explosive 309 | . . 184 125 . . . . . . . Electromagnetic . | . . . . . . . . . . . Impact 419 | . . . 309 110 . . . . . . Slashing . | . . . . . . . . . . . Piercing . | . . . . . . . . . . . Highest Corruption 13 | . . . 13 . . . . . . . Average Corruption 12 | . . . 12 . . . . . . . Corruption Purged . | . . . . . . . . . . . Corruption Blocked . | . . . . . . . . . . . Effects 41 | . . . 41 . . . . . . . Message Errors 12 | . . . 12 . . . . . . . Matter Fused 9 | . . . 9 . . . . . . . Heat Flow Errors 4 | . . . 4 . . . . . . . Energy Discharges 3 | . . . 3 . . . . . . . Data Loss (minor) 3 | . . . 3 . . . . . . . Data Loss (major) 3 | . . . 3 . . . . . . . Misfires 1 | . . . 1 . . . . . . . Alerts 2 | . . . 2 . . . . . . . Misdirections 2 | . . . 2 . . . . . . . Weapon Failures 2 | . . . 2 . . . . . . . Overload Shots . | . . . . . . . . . . . Overflow Damage 238 | . . 10 176 52 . . . . . . Projectiles . | . . . . . . . . . . . Explosions 96 | . . 10 86 . . . . . . . Melee 142 | . . . 90 52 . . . . . . Knockbacks 1 | . . . . 1 . . . . . . Impact 1 | . . . . 1 . . . . . . Kinetic . | . . . . . . . . . . . Secondary . | . . . . . . . . . . . Self-Inflicted Damage 214 | . . . 186 . . . 1 . . 27 Shots 4 | . . . 4 . . . . . . . Rammed 19 | . . . . . . . 1 . . 18 Targets Rammed 19 | . . . . . . . 1 . . 18 Kicked . | . . . . . . . . . . . Crushed . | . . . . . . . . . . . Highest Temperature 259 | . 126 116 259 . . . . . . . Average Temperature 50 | . 30 50 99 . . . . . . . Received Heat Transfer 1602 | . 324 402 711 . 12 9 12 . 6 126 Effects 3 | . . . 3 . . . . . . . Interference 3 | . . . 3 . . . . . . . Siege Activations . | . . . . . . . . . . . Robots Corrupted . | . . . . . . . . . . . Combat Hostiles . | . . . . . . . . . . . Parts Fried 3 | . . . 1 2 . . . . . . Impact Corruptions 5 | . . . 3 2 . . . . . . Robots Melted . | . . . . . . . . . . . Combat Hostiles . | . . . . . . . . . . . Parts Melted 2 | . . 2 . . . . . . . . Heat Transferred 842 | . 222 370 250 . . . . . . . Parts Sabotaged . | . . . . . . . . . . . Parts Stolen . | . . . . . . . . . . . Parts Stripped . | . . . . . . . . . . . Power Chain Reactions . | . . . . . . . . . . . Missiles Intercepted . | . . . . . . . . . . . Alert | -11 -10 -9 -8 -7 -6 -5 -4 -3 -2 -1 ------- Run | Jun Mat Mat Mat Fac Fac Fac Fac Res Res Acc Peak Influence 474 | 10 247 474 297 161 206 170 143 181 146 373 Initial 113 | . . 45 113 54 78 95 83 61 101 87 Average 142 | 5 116 247 104 116 130 107 101 107 113 201 Maximum Alert Level 2 | . 1 2 1 . 1 . . . . 1 Low Security (%) 71 | 100 79 34 86 100 90 100 100 100 100 47 Level 1 25 | . 20 56 13 . 9 . . . . 52 Level 2 2 | . . 9 . . . . . . . . Level 3 . | . . . . . . . . . . . Level 4 . | . . . . . . . . . . . Level 5 . | . . . . . . . . . . . High Security . | . . . . . . . . . . . Max Security . | . . . . . . . . . . . Squads Dispatched 16 | . 4 4 1 1 . . 1 1 . 4 Investigation 6 | . 1 3 1 . . . . . . 1 Extermination . | . . . . . . . . . . . Reinforcement 10 | . 3 1 . 1 . . 1 1 . 3 Assault . | . . . . . . . . . . . Garrison . | . . . . . . . . . . . Intercept . | . . . . . . . . . . . Searches Triggered . | . . . . . . . . . . . Construction Impeded 1 | . . 1 . . . . . . . . Haulers Reinforced 1 | . . . . . . . . . . 1 Active Scanning Responses . | . . . . . . . . . . . Cargo Convoy Interrupts . | . . . . . . . . . . . Stealth | -11 -10 -9 -8 -7 -6 -5 -4 -3 -2 -1 --------- Run | Jun Mat Mat Mat Fac Fac Fac Fac Res Res Acc Distress Signals 8 | . . . 3 . 2 . 1 . . 2 Communications Jammed . | . . . . . . . . . . . Distress Signals . | . . . . . . . . . . . Times Spotted 188 | . 27 42 42 7 7 9 12 5 2 35 Peak Tracking Total 15 | . 5 4 6 6 6 6 13 6 2 15 Tactical Retreats 20 | . 1 3 6 1 1 1 1 2 . 4 Traps | -11 -10 -9 -8 -7 -6 -5 -4 -3 -2 -1 ------- Run | Jun Mat Mat Mat Fac Fac Fac Fac Res Res Acc Traps Triggered 5 | . 1 2 1 1 . . . . . . Indirectly . | . . . . . . . . . . . Trap Hack Attempts . | . . . . . . . . . . . Triggered . | . . . . . . . . . . . Disarmed . | . . . . . . . . . . . Reprogrammed . | . . . . . . . . . . . Reused . | . . . . . . . . . . . Traps Extracted . | . . . . . . . . . . . Installed . | . . . . . . . . . . . Triggered . | . . . . . . . . . . . Machines | -11 -10 -9 -8 -7 -6 -5 -4 -3 -2 -1 ---------- Run | Jun Mat Mat Mat Fac Fac Fac Fac Res Res Acc Machines Disabled 4 | . . 1 3 . . . . . . . Max in Single Turn 1 | . . 1 1 . . . . . . . Garrison Access 3 | . . . . 1 . 1 . . . 1 Machines Repaired . | . . . . . . . . . . . Machines Sabotaged . | . . . . . . . . . . . Overloaded Fab Kills . | . . . . . . . . . . . Hacking | -11 -10 -9 -8 -7 -6 -5 -4 -3 -2 -1 --------- Run | Jun Mat Mat Mat Fac Fac Fac Fac Res Res Acc Machines Accessed 32 | . 2 8 5 7 2 4 1 . . 3 Terminals 25 | . 2 6 4 5 2 3 1 . . 2 Fabricators 1 | . . . . 1 . . . . . . Repair Stations . | . . . . . . . . . . . Recycling Units 1 | . . 1 . . . . . . . . Scanalyzers 2 | . . 1 1 . . . . . . . Garrison Access 3 | . . . . 1 . 1 . . . 1 Total Hacks 75 | . 6 26 10 16 2 6 2 . . 7 Successful 45 | . 1 11 6 13 2 6 2 . . 4 Failed 30 | . 5 15 4 3 . . . . . 3 Catastrophic 4 | . 1 1 1 . . . . . . 1 Database Lockouts . | . . . . . . . . . . . Manual 51 | . 6 20 8 9 2 3 1 . . 2 Terminals 60 | . 6 18 8 14 2 5 2 . . 5 Fabricators 1 | . . . . 1 . . . . . . Repair Stations . | . . . . . . . . . . . Recycling Units 4 | . . 4 . . . . . . . . Scanalyzers 6 | . . 4 2 . . . . . . . Garrison Access 4 | . . . . 1 . 1 . . . 2 Terminal Hacks 26 | . . 5 2 9 1 4 2 . . 3 Record 5 | . . . . . . 2 1 . . 2 Robot Analysis 1 | . . . . 1 . . . . . . Prototype ID Bank 2 | . . 1 . 1 . . . . . . Level Access Points 4 | . . . . 1 1 1 1 . . . Branch Access Points 2 | . . . . 1 . . . . . 1 Terminal Index 3 | . . 1 1 1 . . . . . . Alert Level 2 | . . 1 . . . 1 . . . . Unreport Threat 1 | . . 1 . . . . . . . . Dispatch Records 1 | . . . . 1 . . . . . . Hauler Manifests 3 | . . 1 1 1 . . . . . . Registered Components 1 | . . . . 1 . . . . . . Registered Prototypes 1 | . . . . 1 . . . . . . Fabricator Hacks . | . . . . . . . . . . . Repair Station Hacks . | . . . . . . . . . . . Recycling Unit Hacks 1 | . . 1 . . . . . . . . Report Inventory 1 | . . 1 . . . . . . . . Scanalyzer 4 | . . 2 2 . . . . . . . Insert Component 2 | . . 1 1 . . . . . . . Analyze 2 | . . 1 1 . . . . . . . Garrison Access Hacks 3 | . . . . 1 . 1 . . . 1 Seal Access 3 | . . . . 1 . 1 . . . 1 Unauthorized Hacks 11 | . 1 3 2 3 1 1 . . . . Terminals 10 | . 1 3 2 2 1 1 . . . . Assimilate 6 | . . 2 1 1 1 1 . . . . Operators 4 | . 1 1 1 1 . . . . . . Fabricators 1 | . . . . 1 . . . . . . Liberate 1 | . . . . 1 . . . . . . Repair Stations . | . . . . . . . . . . . Recycling Units . | . . . . . . . . . . . Scanalyzers . | . . . . . . . . . . . Garrison Access . | . . . . . . . . . . . Data Cores Recovered 1 | . . 1 . . . . . . . . Used 1 | . . 1 . . . . . . . . Hacking Detections 27 | . 2 7 5 4 2 3 1 . . 3 Full Trace Events 2 | . . 1 . . . . . . . 1 Feedback Events . | . . . . . . . . . . . Feedback Blocked . | . . . . . . . . . . . Robot Schematics Acquired . | . . . . . . . . . . . Robots Built . | . . . . . . . . . . . Authchips . | . . . . . . . . . . . Time . | . . . . . . . . . . . Total Robot Build Rating . | . . . . . . . . . . . Part Schematics Acquired 2 | . . 1 1 . . . . . . . Parts Built . | . . . . . . . . . . . Authchips . | . . . . . . . . . . . Time . | . . . . . . . . . . . Total Part Build Rating . | . . . . . . . . . . . Parts Repaired . | . . . . . . . . . . . Time . | . . . . . . . . . . . Parts Recycled . | . . . . . . . . . . . Recycled Matter . | . . . . . . . . . . . Retrieved Matter . | . . . . . . . . . . . Retrieved Components . | . . . . . . . . . . . Parts Scanalyzed 2 | . . 1 1 . . . . . . . Part Schematics Acquired 2 | . . 1 1 . . . . . . . Parts Damaged . | . . . . . . . . . . . Bothacking | -11 -10 -9 -8 -7 -6 -5 -4 -3 -2 -1 ------------ Run | Jun Mat Mat Mat Fac Fac Fac Fac Res Res Acc Used RIF Installer . | . . . . . . . . . . . Robots Hacked . | . . . . . . . . . . . Non-combat . | . . . . . . . . . . . Combat . | . . . . . . . . . . . Robot Hacks Applied . | . . . . . . . . . . . Relay Couplers Released . | . . . . . . . . . . . Fabnet Peak Effective % . | . . . . . . . . . . . Robots Rewired . | . . . . . . . . . . . Allies Hacked . | . . . . . . . . . . . Hacks Repelled . | . . . . . . . . . . . Allies | -11 -10 -9 -8 -7 -6 -5 -4 -3 -2 -1 -------- Run | Jun Mat Mat Mat Fac Fac Fac Fac Res Res Acc Total Allies 4 | . . . 1 1 1 1 . . . . Largest Group 1 | . . . 1 1 1 1 . . . . Highest-Rated Group 26 | . . . 10 24 26 10 . . . . Highest-Rated Ally 26 | . . . 10 24 26 10 . . . . Total Orders . | . . . . . . . . . . . Ally Attacks . | . . . . . . . . . . . Total Damage . | . . . . . . . . . . . Kills . | . . . . . . . . . . . Allies Corrupted 1 | . . . . 1 . . . . . . Allies Melted . | . . . . . . . . . . . Intel | -11 -10 -9 -8 -7 -6 -5 -4 -3 -2 -1 ------- Run | Jun Mat Mat Mat Fac Fac Fac Fac Res Res Acc Robot Analysis Total 1 | . . . . 1 . . . . . . Derelict Logs Recovered . | . . . . . . . . . . . Drone Launches . | . . . . . . . . . . . Drone Recoveries . | . . . . . . . . . . . Exploration | -11 -10 -9 -8 -7 -6 -5 -4 -3 -2 -1 ------------- Run | Jun Mat Mat Mat Fac Fac Fac Fac Res Res Acc Turns Passed 5931 | 637 1021 1736 1665 221 151 166 48 71 15 200 Spaces Moved 5220 | 158 467 1054 1271 480 394 518 99 220 37 522 Core 140 | 30 . . 25 . . . . . . 85 Treads . | . . . . . . . . . . . Legs . | . . . . . . . . . . . Wheels 2468 | 128 467 1054 819 . . . . . . . Hover . | . . . . . . . . . . . Flight 2612 | . . . 427 480 394 518 99 220 37 437 Fastest Speed 29 | 50 90 95 34 34 30 29 29 29 29 29 Average Speed 66 | 82 101 98 85 34 31 29 29 29 29 34 Slowest Speed 500 | 90 115 125 500 34 34 30 30 30 29 50 Overloaded Moves . | . . . . . . . . . . . Propulsion Burnouts . | . . . . . . . . . . . Robots Hopped 41 | . . . 1 6 5 4 5 4 3 13 Cave-ins Triggered . | . . . . . . . . . . . Exploration Rate (%) 21 | 12 41 65 47 15 10 12 5 9 2 18 Regions Visited 10 Branch Regions . Pre-discovered Areas . | . . . . . . . . . . . Known Exits Taken 8 | . . 1 1 1 1 1 1 1 1 . Unknown Exits Taken 2 | 1 1 . . . . . . . . . Scrap Searched . | . . . . . . . . . . . Spaces Dug 16 | . . 8 8 . . . . . . . Terrain Destroyed 89 | . . 16 73 . . . . . . . Melee . | . . . . . . . . . . . Projectile . | . . . . . . . . . . . AOE 89 | . . 16 73 . . . . . . . Terrain Rammed . | . . . . . . . . . . . Walls Destroyed . | . . . . . . . . . . . Machines Disabled . | . . . . . . . . . . . Actions | -11 -10 -9 -8 -7 -6 -5 -4 -3 -2 -1 --------- Run | Jun Mat Mat Mat Fac Fac Fac Fac Res Res Acc Total 7048 | 648 857 1500 1674 528 414 527 113 222 37 528 Wait 1333 | 466 291 257 240 33 18 5 19 . 4 . Move 5134 | 157 466 1053 1268 468 383 510 90 211 32 496 Hop 36 | . . . 1 5 5 3 4 4 1 13 Pick Up 68 | 9 9 23 17 2 3 3 . 2 . . Fast Attach 8 | . . 2 3 . . 3 . . . . Attach 54 | 7 4 13 17 3 3 2 . 5 . . Detach 4 | . . 1 2 1 . . . . . . Swap 23 | . 3 12 7 . 1 . . . . . Drop 20 | . . 4 14 . . 1 . . . 1 Fire 325 | 9 84 135 97 . . . . . . . Melee 11 | . . . 8 2 1 . . . . . Ram 18 | . . . . . . . . . . 18 Kick . | . . . . . . . . . . . Crush . | . . . . . . . . . . . Escape Stasis 14 | . . . . 14 . . . . . . Rewire . | . . . . . . . . . . . Trap . | . . . . . . . . . . . Miscellaneous . | . . . . . . . . . . . Route ------- -11/Junkyard -10/Materials (discovered 2 exits: *Mat / [*Min]) -9/Materials (discovered 5 exits: *Mat / *Min x2 / *Sto x2) -8/Materials (discovered 2 exits: *Fac x2) -7/Factory (discovered 6 exits: *Fac x4 / Low x2) -6/Factory (discovered 4 exits: *Fac x4) -5/Factory (discovered 4 exits: *Fac x4) -4/Factory (discovered 4 exits: *Res x4) -3/Research -2/Research -1/Access (discovered 1 exit: Com) History --------- Turn | Location | Event 10 | -11/Junkyard | Discovered new exit (range 16) 638 | -11/Junkyard | Entered Materials 639 | -10/Materials | Build established: Mutant 1013 | -10/Materials | Discovered new exit (range 15) 1120 | -10/Materials | Core integrity fell below 50% 1223 | -10/Materials | Discovered new exit (range 13) 1375 | -10/Materials | Lost 3 parts (1p1n1w) 1659 | -10/Materials | Entered another Materials area 1659 | -9/Materials | Evolved 2 slots: Propulsion x1, Utility x1 2114 | -9/Materials | Discovered new exit (range 8) 2285 | -9/Materials | Discovered new exit (range 7) 2338 | -9/Materials | Identified exit to Mines 2378 | -9/Materials | Discovered new exit (range 9) 2385 | -9/Materials | Identified exit to Storage 2550 | -9/Materials | Discovered exit to Mines (range 8) 2595 | -9/Materials | Core integrity fell below 50% 2608 | -9/Materials | Discovered exit to Storage (range 15) 2755 | -9/Materials | Build established: Scavenger-Mutant 2972 | -9/Materials | Lost 4 parts (1p2n1u) 3181 | -9/Materials | Core integrity fell below 20% 3394 | -9/Materials | Identified exit to Materials 3395 | -9/Materials | Entered another Materials area 3395 | -8/Materials | Evolved 2 slots: Propulsion x1, Utility x1 3817 | -8/Materials | Discovered new exit (range 15) 3969 | -8/Materials | Identified exit to Factory 4028 | -8/Materials | System corruption reached 10% 4073 | -8/Materials | Lost 7 parts (3n2u2w) 4792 | -8/Materials | Core integrity fell below 50% 4804 | -8/Materials | Core integrity fell below 20% 4821 | -8/Materials | Discovered exit to Factory (range 20) 4830 | -8/Materials | Build established: Mutant 4830 | -8/Materials | Lost 6 parts (1p1n1u3w) 5060 | -8/Materials | Entered Factory 5060 | -7/Factory | Evolved 2 slots: Utility x2 5104 | -7/Factory | Identified exit to Factory 5231 | -7/Factory | Identified exit to Lower Caves 5281 | -7/Factory | Entered another Factory area 5281 | -6/Factory | Evolved 2 slots: Utility x2 5323 | -6/Factory | Identified exit to Factory 5432 | -6/Factory | Entered another Factory area 5432 | -5/Factory | Evolved 2 slots: Utility x2 5457 | -5/Factory | Spotted B-75 Beast 5472 | -5/Factory | Identified exit to Factory 5598 | -5/Factory | Entered another Factory area 5598 | -4/Factory | Evolved 2 slots: Power x1, Propulsion x1 5618 | -4/Factory | Identified exit to Research 5646 | -4/Factory | Entered Research 5646 | -3/Research | Evolved 2 slots: Propulsion x1, Utility x1 5676 | -3/Research | Lost 4 parts (1p1n2u) 5714 | -3/Research | Discovered new exit (range 11) 5717 | -3/Research | Identified exit to Research 5717 | -3/Research | Entered another Research area 5717 | -2/Research | Evolved 2 slots: Propulsion x1, Utility x1 5726 | -2/Research | Discovered new exit (range 6) 5732 | -2/Research | Identified exit to Access 5732 | -2/Research | Entered Access 5732 | -1/Access | Evolved 2 slots: Utility x2 5771 | -1/Access | Identified exit to Command 5824 | -1/Access | Spotted B-99 Colossus 5858 | -1/Access | Lost 7 parts (2p2n2u1w) 5898 | -1/Access | Core integrity fell below 50% 5915 | -1/Access | Core integrity fell below 20% 5932 | -1/Access | Destroyed by G-73 Enforcer with Heavy Laser Last Messages --------------- 05907_ Penetrated by Slug. 05907_ Slammed into H-88 Terminator. 05908_ Slug penetrates Wall. 05908_ Slammed into H-88 Terminator. 05908_ Destabilizing: System interference. 05908_ Adv. Signal Interpreter temporarily disabled. 05909_ Slammed into H-88 Terminator. 05910_ Penetrated by Slug. 05910_ Slammed into H-88 Terminator. 05911_ Slammed into U-05 Engineer. 05911_ U-05 Engineer sends out distress signal. 05913_ Slammed into A-15 Conveyor. 05913_ Slug penetrates Wall. 05913_ Penetrated by Slug. 05914_ A-15 Conveyor calls for reinforcements. 05914_ ALERT: Hostile activity reported, dispatching reinforcements to area. 05914_ Slammed into A-15 Conveyor. 05914_ Destabilizing: Core damaged (-80). 05923_ Slug penetrates A-15 Conveyor. 05923_ A-15 Conveyor destroyed. Map ----- +----------------------------------------------------+ | ?????????????????????????????????????????????????? | | ?????????????????????????????????????????????????? | | ?????????????????????????????????????????????????? | | ?????????????????????????????????????????????????? | | ?????????????????????????????????????????????????? | | ?????????????????????????????????????????????????? | | ?????????????????????????????????????????????????? | | ?????????????????????????????????????????????????? | | ?????????????????????????????????????????????????? | | ????????????????????????H????????????????????????? | | ?????????????????????????????????????????????????? | | ?????????????????????????????????????????????????? | | ?????????????????????????????????????????????????? | | ?????????????????????????????????????????????????? | | ?????????????????????????????????????????????????? | | ?????????????????????????????????????????????????? | | ?????????????????????????????????????????????????? | | ?????????????????????????????????????????????????? | | ?????????????????????????????????????????????????? | | ?????????????????????????????????????????????????? | | ?????????????????????????????????????????????????? | | ?????????????????????????????????????????????## # | | ?????????????????????????????????????????????# | | ??????????????????#k################?????????+ "T | | ???????????????? + A g #?????????? "" | | ??????????????????# @ g #?????????? | | ??????????????????## ############ #??????????# # | | ????????????????????????????????# #??????????# # | | ????????????????????????????????# #????#+#???# # | | ????????????????????????????????# #????# #???# # | | ????????????????????????????????# ###### ##### # | | ????????????????????????????????# *= | | ?????????????????????????????+ ! | | ?????????????????????????????# #####+## | | ?????????????????????????????# #?? | | ??????????????????????????? + | | ????????????????????????? = ###### | | ????????>??????????????? ????# | | ???????????????????????# """" ""???# !! | | ???????????????????????# """""" G???# !! | | ???????????????????????# ""F "" ""???# !! | | ???????????????????????#* ???" "???# | | ???????????????????????# ?????? ##???######## | | ??????????????????????????????? !#???????????? | | ???????????????????????????????? #???????????? | | ????#"""#???????????????????????"#####???????????? | | ????# #????????????????????????????????????????? | | ????# #????????????????????????????????????????? | | ????# #????????????????????????????????????????? | | ????# #?????????#??????????????????????????????? | +----------------------------------------------------+ Best States ------------- Heat Dissipation 52 Energy Generation 25 Energy Capacity 265 Matter Stores 300 Matter Capacity 300 Sight Range 20 Robot Scan Range 14 Terrain Scan Range 16 Terrain Scan Density 85 ECM Strength 1 Evasion (%) 64 Offensive Hacking 60 Item Schematics ----------------- Hacking Suite | -9/Materials | Scanalyzed Mic. Nuclear Core | -8/Materials | Scanalyzed Robot Schematics ------------------ None Fabricated ------------ Nothing Alien Tech Used ----------------- None Achievements -------------- None Challenges ------------ None Game ------ Seed SubatomicHugeMicrothruster Manual? 0 Play Time 01:20:02 Cumulative 45.0 hours Start 2023.03.28 @ 18:34:35 End 2023.03.28 @ 21:29:55 Sessions 3 Manual Loads 0 Difficulty Rogue Special Mode None Game No. 63 Rogue 63 Adventurer 0 Explorer 0 Win Type - Total 0 Types 0/0/0/0/0/0/0/0/0 Lore% 34 Gallery% 35 Achievement% 32 Wizard Run 0 Options --------- ASCII 0 Keyboard 0 Movement Arrows Keybinds 0 Fullscreen 1 Font 12/Smallcaps Map View 83x54 Tactical HUD 1 Map Filters NONE Filters NONE Steam 1 RUN: 858dc2e7-1f16-4533-9d04-14b15840b9bd